 Dungeon Crawl Stone Soup version 0.21.0-3-g78d12a8bdd (webtiles) character file.

191 Nivus the Covered (level 6, 0/47 HPs)
             Began as a Human Fighter on Jan 14, 2018.
             Slain by a bat (1 damage)
             ... on level 2 of the Dungeon.
             The game lasted 00:23:15 (2329 turns).

Nivus the Covered (Human Fighter)                   Turns: 2329, Time: 00:23:16

Health: 0/47       AC:  7    Str: 18    XL:     6   Next: 1%
Magic:  6/6        EV:  7    Int:  9    God:
Gold:   47         SH:  9    Dex: 12    Spells: 5/5 levels left

rFire    . . .     SeeInvis .   a - +0 rapier
rCold    . . .     Gourm    .   c - +0 shield
rNeg     . . .     Faith    .   b - +0 scale mail
rPois    .         Spirit   .   (no helmet)
rElec    .         Reflect  .   (no cloak)
rCorr    .         Harm     .   (no gloves)
MR       .....                  (no boots)
Stlth    ..........             (no amulet)
HPRegen  0.15/turn              (no ring)
MPRegen  0.10/turn              (no ring)

@: lethally poisoned (0 -> -1)
A: no striking features
a: no special abilities


You were on level 2 of the Dungeon.
You were not hungry.

You visited 1 branch of the dungeon, and saw 3 of its levels.

You collected 47 gold pieces.

Inventory:

Hand Weapons
 a - a +0 rapier (weapon)
 d - a +0 club
 i - a +0 short sword
 k - a +0 short sword
 n - a +0 club
 p - a +0 club
 q - a +0 short sword
 t - a +2 mace of protection
 u - a cursed -2 mace
 v - a +0 club
 w - a +0 club
 x - a +0 dagger
 z - a +0 spear
 A - a +0 dagger
 B - a +0 flail
Missiles
 j - 8 needles of paralysis
 m - 27 arrows
 s - 25 stones (quivered)
Armour
 b - a +0 scale mail (worn)
 c - a +0 shield (worn)
 h - a +2 hat
 y - a cursed +0 ring mail
 C - a +0 leather armour
Scrolls
 e - a scroll of random uselessness {unknown}
 g - a scroll of fear {unknown}
 l - 2 scrolls of identify {unknown}
 o - 4 scrolls of remove curse {unknown}
 r - a scroll of teleportation {unknown}
 D - a scroll of immolation {unknown}
Comestibles
 f - 2 rations


   Skills:
 + Level 3.5 Fighting
 + Level 3.5 Short Blades
 + Level 0.1 Throwing
 + Level 4.1 Armour
 + Level 1.0 Dodging
 + Level 3.7 Shields


You had 5 spell levels left.
You didn't know any spells.

Dungeon Overview and Level Annotations

Branches:
Dungeon (3/15)

Altars:
Hepliaklqana
Trog

Annotations:
D:1 exclusion: downstairs


Message History

You feel sick. The bat hits you.
* * * LOW HITPOINT WARNING * * *
You block the goblin's attack.
You hit the goblin.
You kill the goblin!
The bat hits you.
* * * LOW HITPOINT WARNING * * *
The bat hits you but does no damage.
Items here: ( )) † an uncursed club; an uncursed hunting sling of flaming; 15 stones a goblin corpse You closely miss the bat.
* * * LOW HITPOINT WARNING * * *
You feel sick. You block the bat's attack. You block the bat's attack. x2
You block the bat's attack. The bat hits you but does no damage.
* * * LOW HITPOINT WARNING * * *
You feel sick. The bat hits you.
You die...

##### #.... #
######....
#.########
#......... .........
+.........
#....######.........
#..b.#....#.........
+..@.'....'.........
#.)..#....#......##.
#..†)#....#......##.
#....##############.
#........ #.
#........# #.
#.>..[<..# #.
#........# ##
##########


You could see a bat.

Vanquished Creatures
  A howler monkey (D:2)
  An orc priest (D:3)
  An orc wizard (D:3)
  4 adders
  2 dart slugs
  3 leopard geckos
  3 orcs
  6 giant cockroaches
  4 goblins
  8 hobgoblins
  4 kobolds
  2 bats
  4 frilled lizards
  6 rats
49 creatures vanquished.

Notes
Turn   | Place    | Note
-------+----------+-------------------------------------------
     0 | D:1      | Nivus the Human Fighter began the quest for the Orb.
     0 | D:1      | Reached XP level 1. HP: 18/18 MP: 1/1
   200 | D:1      | Reached XP level 2. HP: 21/24 MP: 2/2
   377 | D:1      | Reached XP level 3. HP: 29/29 MP: 3/3
  1764 | D:2      | Reached XP level 4. HP: 18/35 MP: 4/4
  1789 | D:2      | HP: 1/35 [hobgoblin (3)]
  1824 | D:2      | Found a bloodstained altar of Trog.
  1824 | D:2      | Found a hazy altar of Hepliaklqana.
  2018 | D:3      | Reached skill level 4 in Armour
  2018 | D:3      | Reached XP level 5. HP: 11/41 MP: 5/5
  2322 | D:2      | Reached skill level 1 in Dodging
  2322 | D:2      | Reached XP level 6. HP: 5/47 MP: 6/6
  2323 | D:2      | HP: 2/47 [bat (1)]
  2329 | D:2      | HP: 1/47 [poisoned by an adder]
  2329 | D:2      | Slain by a bat

Skill      XL: |  1  2  3  4  5 |
---------------+----------------+-----
Short Blades   | 3 |  3.5
Armour         | 4 |  4.1
Dodging        | 1 |  1.0
Fighting       | |  3.5
Throwing       | |  0.1
Shields        | |  3.7

Action                   |  1- 3 |  4- 6 || total
-------------------------+-------+-------++-------
Melee: Rapier            |    85 |   112 ||   197
Throw: Stone             |     2 |       ||     2
  Use: Potion            |       |     1 ||     1
  Eat: Ration            |     1 |       ||     1
       Chunk             |       |     1 ||     1
Armor: Scale mail        |    30 |    85 ||   115
Dodge: Dodged            |    17 |    64 ||    81
Block: Shield            |    36 |    92 ||   128
